 Dungeon Crawl Stone Soup version 0.25-a0-1133-g93ebf73 (webtiles) character file.

Game seed: 9020714390936033500, levelgen mode: deterministic

3395 vertexvortex the Zephyrmancer (level 9, -7/71 HPs)
             Began as a Black Draconian Air Elementalist on May 21, 2020.
             Was an Initiate of Vehumet.
             Mangled by an orc warrior
             ... wielding a +0 glaive
              (18 damage)
             ... on level 8 of the Dungeon on May 22, 2020.
             The game lasted 00:58:10 (9465 turns).

vertexvortex the Zephyrmancer (DrAE)                Turns: 9465, Time: 00:58:10

Health: -7/71      AC:  8    Str: 10    XL:     9   Next: 75%
Magic:  3/20       EV: 12    Int: 20    God:    Vehumet [......]
Gold:   240        SH:  0    Dex: 11    Spells: 6/23 levels left

rFire    . . .     SeeInvis .   d - +0 dagger (venom)
rCold    . . .     Gourm    .   (no shield)
rNeg     . . .     Faith    .   (armour unavailable)
rPois    .         Spirit   .   (helmet restricted)
rElec    +         Reflect  .   (no cloak)
rCorr    .         Harm     .   (no gloves)
MR       .....                  h - +0 pair of boots
Stlth    ++........             (no amulet)
HPRegen  0.21/turn              (no ring)
MPRegen  0.17/turn              (no ring)

@: lethally poisoned (-7 -> -8), very slightly contaminated
A: breathe lightning, unfitting armour, stinger 1, sense surroundings 1,
electricity resistance, cold-blooded, AC +7
a: Breathe Lightning, Renounce Religion


You were on level 8 of the Dungeon.
You worshipped Vehumet.
Vehumet was noncommittal.
You were not hungry.

You visited 2 branches of the dungeon, and saw 9 of its levels.

You collected 240 gold pieces.

Inventory:

Hand Weapons
 d - a +0 dagger of venom (weapon)
 e - a +0 club
 n - a +0 rapier
 r - a +1 dagger of chaos
Missiles
 k - 43 poisoned darts
 l - a boomerang of dispersal (quivered)
Armour
 h - a +0 pair of boots (worn)
Jewellery
 a - an uncursed amulet of regeneration
 i - an uncursed ring of fire
Wands
 f - a wand of clouds (4)
Scrolls
 c - 2 scrolls of fear
 g - 2 scrolls of teleportation
 m - 5 scrolls of remove curse
 q - 4 scrolls of identify
Potions
 j - a potion of mutation
 p - a potion of degeneration {unknown}
 t - 5 potions of curing
 u - 2 potions of brilliance
Comestibles
 b - 6 rations
 o - a chunk of flesh


   Skills:
 - Level 4.2 Fighting
 - Level 0.3 Short Blades
 - Level 1.2 Throwing
 - Level 1.7 Dodging
 - Level 1.7 Stealth
 + Level 7.9 Spellcasting
 - Level 7.0 Conjurations
 + Level 9.6 Air Magic


You had 6 spell levels left.
You knew the following spells:

 Your Spells              Type           Power        Failure   Level  Hunger
a - Shock                 Conj/Air       ####         1%          1    None
b - Swiftness             Chrm/Air       ####....     1%          2    None
c - Static Discharge      Conj/Air       #####...     1%          3    None
d - Airstrike             Air            #####.....   1%          4    ###....
e - Lightning Bolt        Conj/Air       #####.....   8%          5    #####..
f - Passwall              Tmut/Erth      #.......     13%         2    None

Your spell library contained the following spells:

 Spells                   Type           Power        Failure   Level  Hunger
 Stone Arrow              Conj/Erth      ###...       6%          3    None
 Sandblast                Erth           #.....       9%          1    None
 Petrify                  Tmut/Erth      #.......     65%         4    ###....
 Lee's Rapid Deconstruct  Erth           #.........   94%         5    #####..


Dungeon Overview and Level Annotations

Branches:
Dungeon (8/15)             Temple (1/1) D:7
   Lair: D:8-11

Altars:
Cheibriados
Dithmenos
Elyvilon
Fedhas
Gozag
Hepliaklqana
Kikubaaqudgha
Nemelex Xobeh
Okawaru
Qazlal
Ru
Trog
Vehumet
Wu Jian
Xom
Yredelemnul
Zin

Shops:
D:4 :   D:7 !


Innate Abilities, Weirdness & Mutations

You can breathe wild blasts of lightning.
Your glossy black scales are hard. (AC +7)
You cannot fit into any form of body armour.
You are resistant to electric shocks. (rElec)
You are cold-blooded and may be slowed by cold attacks.
Your tail ends in a poisonous barb.
You passively map a small area around you.


Message History

You are very lightly contaminated with residual magic.
Nothing appears to happen.
The orc throws a boomerang.
The boomerang barely misses you.
The weapon returns to the orc!
Casting: Lightning Bolt (dangerous; 8% risk of failure)
Confirm with . or Enter, or press ? or * to list all spells.
The orc warrior is struck by an arc of lightning!
The orc warrior is severely wounded.
The crimson imp is struck by an arc of lightning!
You kill the crimson imp!
Vehumet accepts your kill.
The lightning grounds out.
You feel sick.
The orc warrior hits you with a +0 glaive!!
* * * LOW HITPOINT WARNING * * *
The orc throws a boomerang.
The boomerang hits you.
* * * LOW HITPOINT WARNING * * *
The weapon returns to the orc!
The orc throws a boomerang.
The boomerang completely misses you.
The weapon returns to the orc!
The orc warrior hits you from afar with a +0 glaive!!
You die...

....##.......≈≈ ,
...........≈≈ ,
#...........≈
##..........♣ *
#......%.o... ,
##..........,
#......o.# ,
###.<#.....##
#.......@...# , ,
#.........#.....
#........##......
,
##.........,..#.#
, ##..........##
. * ##.......# #
, ....#.... ,
##...#..[.. ,, *
* ,


You could see an orc warrior (very poisoned) and an orc.

Vanquished Creatures
  Prince Ribbit (D:6)
  Grinder (D:6)
  2 hippogriffs (D:7)
  The ghost of FishTaco the Chiller, an amateur DEIE (D:4)
  A hungry ghost (D:7)
  Duvessa (D:4)
  An orc warrior (D:6)
  A sky beast (D:7)
  An ice beast (D:6)
  An ogre (D:6)
  A centaur (D:7)
  Blork the orc (D:4)
  3 bullfrogs
  Dowan (D:4)
  A wyvern skeleton (D:8)
  10 crimson imps
  2 howler monkeys
  A bullfrog zombie (D:5)
  5 hounds
  3 jellies (D:5)
  2 centaur skeletons
  A bullfrog skeleton (D:6)
  A gnoll shaman (D:7)
  An iguana (D:7)
  7 orc wizards
  4 worker ants
  A hound skeleton (D:4)
  A howler monkey zombie (D:6)
  Robin (D:3)
  12 adders
  3 gnolls (D:7)
  A shadow imp (D:7)
  An ooze (D:3)
  5 adder skeletons
  4 worms
  2 dart slugs
  8 leopard geckos
  21 orcs
  4 giant cockroaches
  10 goblins
  9 hobgoblins
  5 jackals
  4 quokkas
  6 bats
  4 frilled lizards (D:2)
  3 kobolds
  A leopard gecko zombie (D:5)
  A quokka skeleton (D:5)
  2 rats
164 creatures vanquished.

Notes
Turn   | Place    | Note
-------+----------+-------------------------------------------
     0 | D:1      | vertexvortex the Draconian Air Elementalist began the quest
                  | for the Orb.
     0 | D:1      | Reached XP level 1. HP: 14/14 MP: 3/3
    44 | D:1      | You fall into a shaft and drop 1 floor!
   123 | D:2      | Found a glowing silver altar of Zin.
   419 | D:2      | Reached XP level 2. HP: 22/22 MP: 5/5
   426 | D:2      | Learned a level 2 spell: Swiftness
   763 | D:2      | Reached XP level 3. HP: 27/27 MP: 1/6
  1024 | D:2      | Found a sparkling altar of Nemelex Xobeh.
  1057 | D:2      | Reached skill level 1 in Throwing
  1433 | D:4      | Noticed Dowan
  1434 | D:4      | Noticed Duvessa
  1439 | D:3      | Reached skill level 1 in Fighting
  1464 | D:3      | Noticed Robin
  1484 | D:2      | Learned a level 3 spell: Static Discharge
  1887 | D:3      | Reached XP level 4. HP: 24/35 MP: 4/7
  1977 | D:3      | Found a snail-covered altar of Cheibriados.
  2063 | D:3      | Found a shimmering altar of Xom.
  2556 | D:3      | Reached skill level 4 in Air Magic
  2556 | D:3      | Reached XP level 5. HP: 22/41 MP: 0/9
  2747 | D:3      | Killed Robin
  3301 | D:4      | Found a sparkling altar of Nemelex Xobeh.
  3306 | D:4      | Reached XP level 6. HP: 41/51 MP: 5/10
  3418 | D:4      | Found an ornate altar of the Wu Jian Council.
  3440 | D:4      | Found Foiluhue's Book Boutique.
  3463 | D:4      | Noticed FishTaco's ghost (amateur DEIE)
  3468 | D:4      | Found a transporter.
  3505 | D:4      | Noticed Blork the orc
  3585 | D:3      | Gained mutation: Your mind is acute. (Int +2) [potion of
                  | mutation]
  3585 | D:3      | Gained mutation: Your magical capacity is low. (-10% MP)
                  | [potion of mutation]
  3585 | D:3      | Gained mutation: You are occasionally teleported next to
                  | monsters. [potion of mutation]
  3585 | D:3      | Gained mutation: You passively map a small area around you.
                  | [potion of mutation]
  3761 | D:3      | Learned a level 4 spell: Airstrike
  3932 | D:4      | Killed Duvessa
  3955 | D:4      | Killed Dowan
  4154 | D:4      | Killed Blork the orc
  4154 | D:4      | Your scales start taking on a glossy black colour.
  4154 | D:4      | Reached skill level 5 in Air Magic
  4154 | D:4      | Reached XP level 7. HP: 24/59 MP: 2/11
  4154 | D:4      | Gained mutation: You are resistant to electric shocks.
                  | (rElec) [Black Draconian growth]
  4226 | D:4      | Lost mutation: Your mind is acute. (Int +2) [potion of
                  | mutation]
  4226 | D:4      | Lost mutation: Your magical capacity is low. (-10% MP)
                  | [potion of mutation]
  4226 | D:4      | Lost mutation: You are occasionally teleported next to
                  | monsters. [potion of mutation]
  4226 | D:4      | Gained mutation: Your tail ends in a poisonous barb.
                  | [potion of mutation]
  4420 | D:5      | Entered Level 5 of the Dungeon
  4501 | D:4      | Found a transporter.
  4704 | D:4      | HP: 1/59 [FishTaco's ghost/Freeze (10)]
  4705 | D:4      | Killed FishTaco's ghost
  4705 | D:4      | Reached skill level 6 in Air Magic
  5605 | D:5      | Reached XP level 8. HP: 65/66 MP: 3/15
  5627 | D:5      | Reached skill level 5 in Spellcasting
  5780 | D:5      | Reached skill level 7 in Air Magic
  6216 | D:6      | Noticed Prince Ribbit
  6216 | D:6      | Noticed Grinder
  6350 | D:6      | Reached skill level 5 in Conjurations
  6481 | D:6      | Paralysed by Grinder for 3 turns
  6485 | D:6      | Paralysed by Grinder for 5 turns
  6498 | D:6      | Killed Grinder
  6875 | D:6      | Reached skill level 8 in Air Magic
  7081 | D:6      | Killed Prince Ribbit
  7081 | D:6      | Reached XP level 9. HP: 69/71 MP: 14/18
  7142 | D:6      | Found a stormy altar of Qazlal.
  7142 | D:6      | Found an ancient bone altar of Kikubaaqudgha.
  7809 | D:7      | Found a bloodstained altar of Trog.
  7860 | D:7      | Reached skill level 9 in Air Magic
  8242 | D:7      | Found Mirhergha's Distillery.
  8332 | D:7      | Found a staircase to the Ecumenical Temple.
  8375 | Temple   | Entered the Ecumenical Temple
  8450 | Temple   | Became a worshipper of Vehumet
  9279 | D:7      | Learned a level 5 spell: Lightning Bolt
  9282 | D:7      | Learned a level 2 spell: Passwall
  9465 | D:8      | Mangled by an orc warrior

Illustrated notes

Levels and vault maps discovered:
D:1:      mrwooster_arrival_statue_2, layout_loops_ring,
          minmay_misc_feat_columns
D:2:      layout_loops_ring, old_standard_altar, nemelex_diamond_rough_becter
D:3:      layout_basic, kennysheep_slug_shrine, portal_sewer_entry_d,
          led_xom_imps, uniq_robin
D:4:      layout_cave_pools, nicolae_overflow_hidden_temple, kennysheep_mini,
          serial_shops, nicolae_shop_trees, gammafunk_ghost_arena, uniq_duvessa,
          uniq_blork_the_orc
D:5:      layout_rooms, nicolae_overflow_crystal_walls, first_ration,
          minmay_misc_feat_tiny, minmay_fractal_squares_diagonal_5
D:6:      layout_basic, gammafunk_temple_overflow_elements, uniq_prince_ribbit1,
          uniq_grinder
D:7:      layout_loops_ring, bloody_trog, minmay_temple_entry_drinking_statues,
          serial_shops, nicolae_shop_waterfront
D:8:      layout_cave_pools, kennysheep_mini_moat, lair_entry_dummy,
          serial_park, serial_park_square3 [serial_park_minivault_5x5_2],
          serial_park_avenue1, serial_park_tiny_pond, serial_park_tiny_1
Temple:   jpeg_temple_alley_garden

Skill      XL: |  1  2  3  4  5  6  7  8  9 |
---------------+----------------------------+-----
Throwing       | 1 |  1.2
Fighting       | 1 2 3 4 |  4.2
Conjurations   | 2 3 4 6 7 |  7.0
Air Magic      | 4 5 6 8 9 |  9.6
Spellcasting   | 3 4 6 7 |  7.9
Short Blades   | |  0.3
Dodging        | |  1.7
Stealth        | |  1.7

Action                   |  1- 3 |  4- 6 |  7- 9 || total
-------------------------+-------+-------+-------++-------
Melee: Club              |    75 |   182 |       ||   257
       Unarmed           |    11 |       |       ||    11
       Tailslap          |     6 |    16 |    46 ||    68
       Dagger            |       |    66 |   364 ||   430
       Rapier            |       |    13 |       ||    13
Throw: Boomerang         |       |       |     3 ||     3
 Cast: Shock             |    48 |    47 |    54 ||   149
       Static Discharge  |       |    19 |    33 ||    52
       Airstrike         |       |       |     1 ||     1
       Swiftness         |       |       |     1 ||     1
 Abil: Breathe Lightning |       |       |     1 ||     1
  Use: Scroll            |       |     7 |     3 ||    10
       Potion            |       |     8 |     1 ||     9
 Stab: Sleeping          |     3 |     1 |     5 ||     9
  Eat: Chunk             |     4 |     6 |    14 ||    24
       Ration            |       |     1 |     2 ||     3
Armor: Skin              |    42 |   133 |   177 ||   352
Dodge: Dodged            |    92 |   197 |   282 ||   571

Table legend:
 A = Non-vault XP
 B = Vault XP
 C = Vault XP percentage of total XP
 D = Non-vault monster count
 E = Vault monster count
 F = Vault count percentage of total count
                 A         B        C        D         E       F
            +---------+---------+-------+---------+---------+-------
      Total |    3122 |    1728 |  35.6 |     126 |      38 |  23.2
            +---------+---------+-------+---------+---------+-------
        D:2 |      58 |       0 |   0.0 |      24 |       0 |   0.0
        D:3 |      91 |     248 |  73.2 |      17 |      18 |  51.4
        D:4 |      89 |     606 |  87.2 |      12 |       6 |  33.3
        D:5 |     553 |     182 |  24.8 |      25 |       9 |  26.5
        D:6 |     894 |     536 |  37.5 |      23 |       2 |   8.0
        D:7 |    1394 |       0 |   0.0 |      24 |       0 |   0.0
        D:8 |      43 |     156 |  78.4 |       1 |       3 |  75.0
            +---------+---------+-------+---------+---------+-------
